 Dungeon Crawl Stone Soup version 0.22-a0-414-gacd343e (webtiles) character file.

189 Curus the Changer (level 5, -6/37 HPs)
             Began as a Merfolk Transmuter on May 13, 2018.
             Was an Initiate of Okawaru.
             Mangled by an ogre
             ... wielding a +0 giant club
              (19 damage)
             ... on level 4 of the Dungeon.
             The game lasted 00:10:10 (2373 turns).

Curus the Changer (Merfolk Transmuter)              Turns: 2373, Time: 00:10:11

Health: -6/37      AC:  2    Str:  9 (10) XL:     5   Next: 68%
Magic:  5/8        EV: 24    Int: 14      God:    Okawaru [......]
Gold:   276        SH:  0    Dex: 21      Spells: 4/8 levels left

rFire    . . .     SeeInvis .     - Unarmed
rCold    . . .     Gourm    .   (shield currently unavailable)
rNeg     . . .     Faith    .   (armour currently unavailable)
rPois    x         Spirit   .   (helmet currently unavailable)
rElec    .         Reflect  .   (cloak currently unavailable)
rCorr    .         Harm     .   (gloves currently unavailable)
MR       +....                  (boots currently unavailable)
Stlth    ++........             (no amulet)
HPRegen  0.12/turn              g - ring of protection from magic
MPRegen  0.11/turn              k - +3 ring of evasion

@: spider-form
A: tiny, (change form in water), (swift swim), (stealthy swim), agile 1,
deterioration 1, no potion heal 1
a: End Transformation, Renounce Religion


You were on level 4 of the Dungeon.
You worshipped Okawaru.
Okawaru was noncommittal.
You were not hungry.
You were a venomous arachnid creature.
You visited 1 branch of the dungeon, and saw 4 of its levels.

You collected 276 gold pieces.

Inventory:

Missiles
 a - 60 arrows
Armour
 b - a +2 robe (melded)
Jewellery
 g - a ring of protection from magic (left front leg)
 k - a +3 ring of evasion (right front leg)
Scrolls
 f - 4 scrolls of identify
 h - a scroll of teleportation
 i - 2 scrolls of remove curse
Potions
 c - a potion of cancellation
 e - a potion of heal wounds
Comestibles
 d - 4 rations
 j - 5 chunks of flesh


   Skills:
 - Level 1.1 Fighting
 - Level 2.6 Dodging
 - Level 3.2 Unarmed Combat
 - Level 2.0 Spellcasting
 - Level 5.0 Transmutations
 + Level 4.5 Poison Magic


You had 4 spell levels left.
You knew the following spells:

 Your Spells              Type           Power        Failure   Level  Hunger
a - Beastly Appendage     Tmut           ###...       11%         1    ##.....
b - Spider Form           Tmut/Pois      ##........   24%         3    ####...

Your spell library contained the following spells:

 Spells                   Type           Power        Failure   Level  Hunger
 Blade Hands              Tmut           ###.......   82%         5    ######.
 Ice Form                 Ice/Tmut       #.......     82%         4    #####..
 Sticks to Snakes         Tmut           ###.....     14%         2    ###....


Dungeon Overview and Level Annotations

Branches:
Dungeon (4/15)
 Temple: D:4-7

Altars:
Cheibriados
Dithmenos
Gozag
Okawaru
Ru
Uskayaw
Vehumet
Wu Jian
Xom
Yredelemnul


Innate Abilities, Weirdness & Mutations

((You revert to your normal form in water.))
((You are very nimble and swift while swimming.))
((You are very stealthy in the water. (Stealth+)))
((You have a pair of small horns on your head.))
You are agile. (Dex +2)
Your body sometimes deteriorates upon taking damage.
Potions are less effective at restoring your health.


Message History

An ogre comes into view. It is wielding a giant club.
Casting: Spider Form (safe; 10% risk of failure)
Confirm with . or Enter, or press ? or * to list all spells.
You turn into a venomous arachnid creature.
Your +2 robe melds into your body.
The helpless ogre fails to defend itself.
You hit the ogre.
The ogre is poisoned.
The ogre is lightly wounded.
The ogre barely misses you.
You barely miss the ogre.
The ogre is lightly wounded.
The ogre hits you with a giant club!!
Your body deteriorates!
You feel weakened.
You bite the ogre!
The ogre looks as sick as possible!
The ogre is moderately wounded.
You hit the ogre.
The ogre is heavily wounded.
The ogre hits you with a giant club!!
Ouch! That really hurt!
You die...

#.#.##.#
#.#.##..
#.#.##.#
#.#.##.#
#.#.# #.#.#
#...#
#########..##
......Os...#
#########..#
#..# #....
##.... ######


You could see an ogre.

Vanquished Creatures
  A scorpion (D:3)
  2 orc wizards
  2 adders
  2 worms (D:3)
  A dart slug (D:1)
  A leopard gecko (D:1)
  6 orcs
  A giant cockroach (D:2)
  4 goblins
  2 hobgoblins
  3 jackals (D:4)
  6 kobolds
  3 quokkas
  2 ball pythons
  4 bats
  3 frilled lizards
  11 rats
  A fungus (D:2)
55 creatures vanquished.

Notes
Turn   | Place    | Note
-------+----------+-------------------------------------------
     0 | D:1      | Curus the Merfolk Transmuter began the quest for the Orb.
     0 | D:1      | Reached XP level 1. HP: 15/15 MP: 3/3
   152 | D:1      | Reached skill level 3 in Transmutations
   288 | D:1      | Reached XP level 2. HP: 14/21 MP: 5/5
   347 | D:1      | Reached skill level 4 in Transmutations
   473 | D:1      | You fall through a shaft!
   520 | D:2      | Found a hide-covered altar of Uskayaw.
   657 | D:2      | Gained mutation: Potions are less effective at restoring your health. [potion of mutation]
   657 | D:2      | Gained mutation: Your body sometimes deteriorates upon taking damage. [potion of mutation]
   657 | D:2      | Gained mutation: You are agile. (Dex +2) [potion of mutation]
   657 | D:2      | Gained mutation: You have a pair of small horns on your head. [potion of mutation]
   791 | D:2      | Reached XP level 3. HP: 26/26 MP: 6/6
   796 | D:2      | Learned a level 3 spell: Spider Form
   943 | D:2      | Found an iron altar of Okawaru.
   952 | D:2      | Became a worshipper of Warmaster Okawaru
   954 | D:2      | Found an ornate altar of the Wu Jian Council.
   955 | D:2      | Found a snail-covered altar of Cheibriados.
   955 | D:2      | Found a shimmering altar of Xom.
   955 | D:2      | Found a radiant altar of Vehumet.
   956 | D:2      | Found an opulent altar of Gozag.
   957 | D:2      | Found a shadowy altar of Dithmenos.
   958 | D:2      | Found a basalt altar of Yredelemnul.
   959 | D:2      | Found a sacrificial altar of Ru.
  1004 | D:2      | Reached skill level 1 in Poison Magic
  1430 | D:3      | Noticed a scorpion
  1445 | D:3      | Killed a scorpion
  1445 | D:3      | Reached XP level 4. HP: 3/32 MP: 3/7
  1950 | D:3      | Reached XP level 5. HP: 24/37 MP: 8/8
  2212 | D:4      | Reached * piety under Okawaru
  2212 | D:4      | Reached skill level 5 in Transmutations
  2366 | D:4      | Noticed an ogre
  2373 | D:4      | Mangled by an ogre

Vault maps used:
D:1:      evilmike_arrival_rings
D:2:      minitemple, minmay_gold_behind_fungi, kennysheep_generic_room_12

Skill      XL: |  1  2  3  4  5 |
---------------+----------------+-----
Transmutations | 3 4 5 |  5.0
Poison Magic   | 3 4 |  4.5
Fighting       | |  1.1
Dodging        | |  2.6
Unarmed Combat | |  3.2
Spellcasting   | |  2.0

Action                   |  1- 3 |  4- 6 || total
-------------------------+-------+-------++-------
Melee: Unarmed           |   126 |    71 ||   197
       Headbutt          |    17 |    10 ||    27
       Punch             |       |     1 ||     1
 Cast: Beastly Appendage |     2 |       ||     2
       Spider Form       |     2 |     2 ||     4
  Use: Potion            |     5 |     2 ||     7
       Scroll            |     9 |     2 ||    11
 Stab: Sleeping          |     2 |     1 ||     3
       Distracted        |     1 |       ||     1
  Eat: Chunk             |     2 |     3 ||     5
Armor: Robe              |    15 |    10 ||    25
       Skin              |     1 |       ||     1
Dodge: Dodged            |    61 |    36 ||    97

Table legend:
 A = Spawn XP
 B = Non-spawn XP
 C = Spawn XP percentage of total XP
 D = Spawn monster count
 E = Non-spawn monster count
 F = Spawn count percentage of total count
 G = Total turns spent on level
                    A         B        C        D         E        F      G
               +---------+---------+-------+---------+---------+-------+---------
         Total |       0 |     271 |   0.0 |       0 |      54 |   0.0 |  2373
               +---------+---------+-------+---------+---------+-------+---------
           D:1 |       0 |      21 |   0.0 |       0 |      14 |   0.0 |   473
           D:2 |       0 |      29 |   0.0 |       0 |      12 |   0.0 |   655
           D:3 |       0 |     151 |   0.0 |       0 |      19 |   0.0 |   991
           D:4 |       0 |      70 |   0.0 |       0 |       9 |   0.0 |   254
               +---------+---------+-------+---------+---------+-------+---------
